 Dungeon Crawl Stone Soup version 0.31.0-11-ge490571c62 (webtiles) character file.

Game seed: 2596843723886632968

2727412 Gobbopathe the Middleweight Champion (level 27, 318/318 HPs)
             Began as an Octopode Shapeshifter on Feb 2, 2024.
             Was the Champion of Wu Jian.
             Escaped with the Orb
             ... and 4 runes
             ... and 3 gems (2 intact) on Feb 4, 2024!
             The game lasted 08:08:49 (65840 turns).

Gobbopathe the Middleweight Champion (OpSh)        Turns: 65840, Time: 08:08:49

Health: 318/318    AC: 20    Str: 33    XL:     27
Magic:  23/23      EV: 32    Int: 21    God:    Wu Jian [******]
Gold:   4564       SH:  0    Dex: 15    Spells: 16/30 levels left

rFire   + +          .
                       - Unarmed
rCold   + . .        (shield currently unavailable)
rNeg    + . .        (helmet currently unavailable)
rPois   +            u - amulet of the Forgotten Spirits {rN+ Regen+ Str+6}
rElec   +            T - ring of the Open Hand {rPois rC+ EV+5}
rCorr   +            D - ring of Shadows {Umbra +Inv Stlth+}
SInv    .            j - +5 ring of evasion
Will    ++++.        M - ring of willpower
Stlth   +++++        A - ring of resist corrosion
HPRegen 1.53/turn    o - +5 ring of evasion
MPRegen 0.18/turn    f - ring of the Wereyak {rElec rC+ AC+4 Int+4}
                     k - +5 ring of evasion

%: no passive effects
@: dragon-form, flying, wreathed by umbra, studying Long Blades
A: dragon claw, dragon scales, breathe fire, flying, boosted hp, almost no
armour, amphibious, 8 rings, giant, (camouflage 1), (gelatinous body 1), (nimble
swimmer 1), (tentacles), low MP 1, strong-willed 1, passive freeze, screaming 1,
weak 1
0: Orb of Zot
}: 4/15 runes: serpentine, barnacled, slimy, silver
a: Breathe Fire, Begin Untransformation, Renounce Religion, Evoke Invisibility,
Wall Jump, Serpent's Lash, Heavenly Storm


You escaped.
You worshipped Wu Jian.
Wu Jian was exalted by your worship.
You were a fearsome dragon!
You visited 12 branches of the dungeon, and saw 56 of its levels.
You also visited: Sewer, Bailey and Ice Cave.

You collected 7968 gold pieces.
You spent 3404 gold pieces at shops.

Inventory:

Jewellery
 b - the ring "Zajay" {rPois rN+ SInv}
   (You took it off a deep elf sorcerer on level 3 of the Elven Halls)

   [ring of see invisible]

   rPois:     It protects you from poison rN+: It protects you from negative
   energy.
   SInv:      It lets you see invisible.
 e - the ring "Alaowu" {rPois rC+ Int+4}
   (You took it off a deep elf master archer on level 3 of the Elven Halls)

   [ring of poison resistance]

   Int+4:     It affects your intelligence (+4).
   rC+:       It protects you from cold.
   rPois:     It protects you from poison
 f - the ring of the Wereyak (on tentacle) {rElec rC+ AC+4 Int+4}
   (You acquired it on level 10 of the Dungeon)

   [ring of protection]

   AC+4:      It affects your AC (+4).
   Int+4:     It affects your intelligence (+4).
   rC+:       It protects you from cold.
   rElec:     It insulates you from electricity.
 j - a +5 ring of evasion (on tentacle)
 k - a +5 ring of evasion (on tentacle)
 o - a +5 ring of evasion (on tentacle)
 p - the ring "Copeje Dite" {Ice rN+ Stlth+}
   (You bought it in a shop on level 2 of the Orcish Mines)

   [ring of ice]

   Ice:       It enhances your ice magic.
   rF-:       It makes you vulnerable to fire.
   rC+:       It protects you from cold.
   rN+:       It protects you from negative energy.
   Stlth+:    It makes you more stealthy.
 u - the amulet of the Forgotten Spirits (around neck) {rN+ Regen+ Str+6}
   (You found it on level 5 of the Vaults)

   [amulet of regeneration]

   Str+6:     It affects your strength (+6).
   rN+:       It protects you from negative energy.
   Regen+:    It increases your rate of health regeneration.
 y - a +6 ring of strength
 A - a ring of resist corrosion (on tentacle)
 D - the ring of Shadows (right foreclaw) {Umbra +Inv Stlth+}
   (You found it on level 3 of the Shoals)

   [ring of stealth]

   Umbra:     It surrounds you with an aura of shadow, increasing your stealth
   and reducing the accuracy of all others within it.
   +Inv:      It lets you turn invisible.
   Stlth+:    It makes you more stealthy.
 M - a ring of willpower (on tentacle)
 P - the amulet of Sunwao {Reflect rN+ Will++ SH+5}
   (You took it off a deep elf death mage on level 3 of the Elven Halls)

   [amulet of reflection]

   Reflect:   It reflects blocked missile attacks.
   rN+:       It protects you from negative energy.
   Will++:    It greatly increases your willpower.
   SH+5:      It affects your SH (+5).
 T - the ring of the Open Hand (left foreclaw) {rPois rC+ EV+5}
   (You took it off a salamander on level 3 of the Snake Pit)

   [ring of evasion]

   EV+5:      It affects your evasion (+5).
   rC+:       It protects you from cold.
   rPois:     It protects you from poison
 V - the ring of Kuky {rF+ rC+}
   (You found it on level 14 of the Dungeon)

   [ring of protection from fire]

   rF+:       It protects you from fire.
   rC+:       It protects you from cold.
 Y - the ring "Roexyof" {rC+ rN+}
   (You found it on level 3 of the Crypt)

   [ring of positive energy]

   rC+:       It protects you from cold.
   rN+:       It protects you from negative energy.
Talismans
 r - a storm talisman
 B - the death talisman of Calculation {*Corrode rF+ Dex+3}
   (You found it on level 3 of the Crypt)

   [talisman of death]

   Dex+3:     It affects your dexterity (+3).
   rF+:       It protects you from fire.
   *Corrode:  It may corrode you when you take damage.
 S - a dragon-blood talisman (active)
Wands
 c - a wand of roots (50)
 i - a wand of polymorph (23)
 v - a wand of digging (8)
 I - a wand of light (37)
 W - a wand of flame (48)
 X - a wand of charming (71)
 Z - a wand of mindburst (82)
Scrolls
 g - 9 scrolls of vulnerability
 s - 12 scrolls of fear
 t - 13 scrolls of teleportation
 x - 2 scrolls of revelation
 z - 4 scrolls of blinking
 E - 8 scrolls of immolation
 N - 10 scrolls of fog
 R - a scroll of silence
 U - 3 scrolls of summoning
Potions
 a - 5 potions of lignification
 d - 5 potions of might
 h - 13 potions of haste
 l - 6 potions of berserk rage
 n - 4 potions of resistance
 q - 21 potions of curing
 w - 8 potions of heal wounds
 F - 3 potions of ambrosia
 G - 2 potions of attraction
 H - 8 potions of enlightenment
 J - 4 potions of invisibility
 L - 6 potions of mutation
 Q - 3 potions of cancellation
Miscellaneous
 m - a phantom mirror
 C - a lightning rod (4/4)
 K - a tin of tremorstones (2/2)
 O - a phial of floods


   Skills:
 + Level 23.4 Fighting
 - Level 5.0 Ranged Weapons
 - Level 5.0 Throwing
 - Level 10.0 Dodging
 - Level 21.7 Stealth
 - Level 10.0 Shields
 O Level 27 Unarmed Combat
 - Level 2.0 Spellcasting
 - Level 5.0 Hexes
 - Level 5.0 Translocations
 - Level 5.0 Air Magic
 - Level 5.0 Earth Magic
 - Level 18.0 Evocations
 + Level 22.9 Shapeshifting


You had 16 spell levels left.
You knew the following spells:

 Your Spells              Type           Power      Damage    Failure   Level
a - Confusing Touch       Hex            23%        N/A       5%          3
b - Teleport Other        Tloc           23%        N/A       5%          3
c - Swiftness             Air            23%        N/A       5%          3
d - Passwall              Erth           23%        N/A       5%          3
e - Blink                 Tloc           46%        N/A       2%          2

Your spell library contained the following spells:

 Spells                   Type           Power      Damage    Failure   Level
 Slow                     Hex            92%        N/A       1%          1
 Lesser Beckoning         Tloc           46%        N/A       2%          2
 Gell's Gravitas          Tloc           23%        N/A       5%          3
 Sigil of Binding         Hex            23%        N/A       5%          3
 Tukima's Dance           Hex            23%        N/A       5%          3
 Ensorcelled Hibernation  Hex/Ice        24%        N/A       8%          2
 Mercury Vapours          Alch/Air       24%        N/A       8%          2
 Momentum Strike          Conj/Tloc      24%        3d8       8%          2
 Static Discharge         Conj/Air       24%        3-4/arc   8%          2
 Cigotuvi's Dreadful Rot  Necr/Alch/Air  18%        N/A       12%         2
 Foxfire                  Conj/Fire      8%         2x1d4     14%         1
 Freeze                   Ice            8%         1d3       14%         1
 Kiss of Death            Conj/Necr      8%         2d6       14%         1
 Magic Dart               Conj           8%         1d3       14%         1
 Necrotise                Necr           8%         1d4       14%         1
 Summon Small Mammal      Summ           8%         N/A       14%         1
 Dazzling Flash           Conj/Hex       24%        N/A       16%         3
 Stone Arrow              Conj/Erth      24%        3d8       16%         3
 Airstrike                Air            11%        2d(2-18)  19%         4
 Dimensional Bullseye     Hex/Tloc       11%        N/A       19%         4
 Manifold Assault         Tloc           23%        N/A       19%         4
 Call Imp                 Summ           4%         N/A       22%         2
 Searing Ray              Conj           4%         2d4       22%         2
 Mephitic Cloud           Conj/Alch/Air  9%         N/A       22%         3
 Call Canine Familiar     Summ           2%         N/A       41%         3
 Frozen Ramparts          Ice            4%         1d1       41%         3
 Fugue of the Fallen      Necr           2%         N/A       41%         3
 Hailstorm                Conj/Ice       2%         3d5       41%         3
 Ozocubu's Armour         Ice            2%         N/A       41%         3
 Summon Ice Beast         Ice/Summ       2%         N/A       41%         3
 Vampiric Draining        Necr           2%         2d6       41%         3
 Anguish                  Hex/Necr       6%         N/A       45%         4
 Iskenderun's Mystic Bla  Conj/Tloc      12%        2d5       45%         4
 Summon Lightning Spire   Summ/Air       12%        N/A       45%         4
 Lee's Rapid Deconstruct  Erth           11%        3d8*      45%         5
 Silence                  Hex/Air        11%        N/A       45%         5
 Animate Dead             Necr           2%         N/A       82%         4
 Dispel Undead            Necr           2%         3d7       82%         4
 Fulminant Prism          Conj/Alch      1%         3d5       82%         4
 Ignite Poison            Fire/Alch      2%         N/A       82%         4
 Martyr's Knell           Necr/Summ      2%         N/A       82%         4
 Summon Blazeheart Golem  Fire/Summ      2%         N/A       82%         4
 Borgnjor's Vile Clutch   Necr/Erth      6%         N/A       82%         5
 Summon Forest            Summ/Tloc      6%         N/A       82%         5
 Freezing Cloud           Conj/Ice/Air   4%         6-21      91%         5
 Dispersal                Tloc           11%        N/A       96%         6
 Curse of Agony           Necr           2%         N/A       99%         5
 Death Channel            Necr           1%         N/A       100%        6
 Eringya's Noxious Bog    Alch           1%         4d6       100%        6
 Plasma Beam              Fire/Air       6%         2x1d16    100%        6
 Sculpt Simulacrum        Ice/Alch       1%         N/A       100%        6
 Starburst                Conj/Fire      1%         6d3       100%        6
 Haunt                    Necr/Summ      1%         N/A       100%        7
 Malign Gateway           Summ/Tloc      6%         N/A       100%        7
 Orb of Destruction       Conj           1%         9d5       100%        7
 Ozocubu's Refrigeration  Ice            1%         4d7       100%        7
 Spellforged Servitor     Conj/Summ      1%         N/A       100%        7
 Summon Hydra             Summ           1%         N/A       100%        7
 Disjunction              Tloc           11%        N/A       100%        8
 Lehudib's Crystal Spear  Conj/Erth      6%         10d3      100%        8
 Summon Horrible Things   Summ           1%         N/A       100%        8
 Death's Door             Necr           1%         N/A       100%        9
 Polar Vortex             Ice            1%         N/A       100%        9
 Animate Armour           Summ/Erth      Unusable   N/A       N/A         4

Dungeon Overview and Level Annotations

Branches:
Dungeon (15/15)            Temple (1/1) D:4            Lair (5/5) D:11
 Shoals (4/4) Lair:3        Snake (4/4) Lair:3        Slime (5/5) Lair:5
    Orc (2/2) D:12            Elf (3/3) Orc:2        Vaults (5/5) D:13
  Crypt (3/3) Vaults:2       Tomb (0/3) Crypt:3      Depths (4/4) D:15
    Zot (5/5) Depths:4      Sewer (visited)          Bailey (visited)
  IceCv (visited)

Altars:
Ashenzari
Cheibriados
Dithmenos
Elyvilon
Fedhas
Gozag
Hepliaklqana
Kikubaaqudgha
Makhleb
Nemelex Xobeh
Okawaru
Qazlal
Ru
Sif Muna
Trog
Uskayaw
Vehumet
Wu Jian
Xom
Yredelemnul
Zin
The Shining One
Jiyva

Shops:
D:12 (   D:13 [   Orc:1 *   Orc:2 [=(*   Snake:4 *=:=   Depths:1 *
Depths:3 (*

Portals:
Hell: Depths:1 Depths:2 Depths:3 Depths:4
Abyss: Depths:1 Depths:3
Pandemonium: Depths:2
Ziggurat: Depths:3
Trove: D:13 (give 15 scrolls of teleportation)

Annotations:
D:10 Nergalle
Lair:3 4 exclusions
Shoals:4 exclusion: kraken
Elf:2 2 runed translucent doors
Vaults:4 exclusion: 2 doors
Crypt:2 2 transporters, exclusion: obsidian statue, Jory
Depths:3 8 exclusions


Innate Abilities, Weirdness & Mutations

You are a fearsome dragon!
You have a powerful clawing attack.
Your giant scaled body is strong and resilient, but less evasive.
You can breathe fire.
You are flying.
Your maximum health is greatly increased.
Your armour is entirely melded.
You are incapable of wielding weapons or throwing items.
You cannot wear most types of armour.
You are amphibious.
You can wear up to eight rings at the same time.
((Your skin changes colour to match your surroundings (Stealth+).))
((Your rubbery body absorbs attacks. (AC +1, EV +1)))
((You are camouflaged when in or above water. (Stealth+)))
((You have tentacles for arms and can constrict up to eight enemies at once.))
Your magical capacity is low. (-10% MP)
You are strong-willed. (Will+)
A frigid envelope surrounds you and freezes all who hurt you.
You occasionally shout uncontrollably at your foes.
You are weak. (Str -2)


Message History

A demonspawn warmonger comes into view.
It is wielding a +0 great mace and wearing a +2 plate armour of willpower.
There is a stone staircase leading up here.
You fly upwards.
There is a stone staircase leading down here.
There is a stone staircase leading up here.
You fly upwards.
An Orb Guardian comes into view.
There is a stone staircase leading down here.
You bite the Orb Guardian!!
You tail-slap the Orb Guardian, but do no damage.
The Orb Guardian is moderately wounded.
You maul the Orb Guardian!!!
You claw the Orb Guardian!
You kill the Orb Guardian!
The Council accepts your kill.
What level of the Dungeon? (default 1, ? - help)
There is a stone staircase leading up here.
You fly upwards.
There is a stone staircase leading down here.
There is a stone staircase leading up here.
You fly upwards.
There is a stone staircase leading down here.
An orange demon comes into view.
There is an open door here.
The orange demon barely misses you.
You lunge at the orange demon, in a flurry of attacks.
You maul the orange demon!!!!
You kill the orange demon!
The Council accepts your kill.
You roar at the ice devil!
An ice devil comes into view.
You lunge at the ice devil, in a flurry of attacks.
You bite the ice devil!! You bite the ice devil!
The ice devil is severely wounded.
You maul the ice devil!!!
You kill the ice devil!
The Council accepts your kill.
There is a stone staircase leading down here.
HP restored.
There is a staircase leading out of the dungeon here.
You have escaped!

....#.#####.########..........'..
####...## #.# #..........###
........# #.# #..........#
##..###.###.# ##.........#
....#)#...#.##### ##........#
....###.#.#.....# ###.########
†)..............# #........#
....###.####..#### ########..
....# #.###.###.D### ##. #####
#.##.##...##8## #.
###.##.####...## ##
#.##.##...###.# #.#.##..###8#.#
##.#.#.##....#.##
#8.#.#.#8.##.#.8#
##.#.#.##.8#.#.## #.#.##...##.#.#


There were no monsters in sight!

Vanquished Creatures
  the Royal Jelly (Slime:5)
  5 dread liches
  5 orbs of fire
  3 ancient liches (Zot:5)
  Boris (Elf:3)
  Josephina (Crypt:1)
  Parghit (Zot:3)
  3 Killer Klowns
  2 curse toes (Zot:4)
  14 golden dragons
  A bone dragon (Crypt:3)
  A Brimstone Fiend (D:6)
  3 electric golems
  24 tentacled monstrosities
  A Tzitzimitl (Zot:3)
  6 liches
  A Hell Sentinel (D:14)
  A walking earthen tome (Depths:2)
  20 Orb Guardians
  Zenata (Elf:1)
  A walking frostbound tome (Depths:2)
  Rupert (D:14)
  15 quicksilver dragons
  11 death cobs
  3 deep elf master archers (Elf:3)
  6 titans (Vaults:5)
  A deep elf blademaster (Elf:3)
  2 ancient champions (Crypt:2)
  7 sphinxes
  9 tengu reavers
  Gastronok (Lair:2)
  19 acid blobs
  12 shadow dragons
  Ilsuiw (Shoals:3)
  2 revenants
  14 storm dragons
  11 rockslimes
  4 nagarajas (Snake:4)
  Agnes (D:14)
  5 protean progenitors
  6 fire giants
  4 draconian knights
  10 frost giants
  9 azure jellies
  21 vault wardens
  5 draconian monks
  Louise (D:14)
  12 deep elf sorcerers
  4 draconian shifters
  2 iron dragons
  4 deep elf elementalists (Elf:3)
  A juggernaut zombie (Crypt:1)
  3 draconian scorchers
  A caustic shrike zombie (Crypt:3)
  4 draconian stormcallers
  A ghost moth (Zot:2)
  7 ghouls
  2 orc warlords
  A reaper (Depths:3)
  A juggernaut skeleton (Crypt:3)
  21 ironbound preservers
  25 very ugly things
  5 ironbound thunderhulks
  A caustic shrike skeleton (Crypt:3)
  3 spriggan defenders
  9 quicksilver oozes
  3 draconian annihilators
  The ghost of Frank the Fencer, a journeyman DsFi of Hepliaklqana (Orc:2)
  7 deep elf death magi
  11 stone giants
  7 deep elf demonologists
  8 formless jellyfish
  7 yellow draconians
  11 red draconians
  16 green draconians
  11 deep elf annihilators
  9 vampire knights
  7 black draconians
  8 war gargoyles
  8 white draconians
  3 eidola
  A wendigo (Depths:3)
  8 purple draconians
  Azrael (D:14)
  14 spark wasps
  16 dire elephants
  A blizzard demon (Depths:2)
  11 ettins
  3 jiangshi
  6 fire dragons
  3 merfolk javelineers
  11 deep elf high priests
  An entropy weaver (Vaults:4)
  An entropy weaver (shapeshifter) (Elf:2)
  4 crystal guardians
  9 merfolk impalers
  5 rakshasas
  3 spriggan zombies
  7 hydras
  35 vault guards
  5 great orbs of eyes
  2 salamander tyrants
  Fannar (D:10)
  9 yaktaur captains
  Erolcha (D:9)
  A fenstrider witch zombie (Crypt:1)
  2 ogre magi
  A caustic shrike simulacrum (Depths:3)
  15 centaur warriors
  5 ice dragons
  2 alligators (Zot:5)
  A hell beast (D:13)
  2 peacekeepers
  11 ironbound frosthearts
  5 spriggan air magi
  5 deep troll shamans
  A sphinx zombie (Depths:1)
  A catoblepas (Lair:5)
  8 anacondas
  4 merfolk avatars
  A fenstrider witch skeleton (Crypt:3)
  11 two-headed ogres
  13 dancing weapons
  An alligator snapping turtle (Shoals:3)
  7 deep troll earth magi
  4 tengu warriors
  4 merfolk aquamancers
  2 satyrs
  6 boulder beetles
  8 death yaks
  8 vampire magi
  2 orc high priests
  An occultist (Depths:2)
  Urug (Orc:2)
  A quicksilver ooze zombie (Crypt:1)
  18 naga warriors
  3 titan zombies
  9 naga sharpshooters
  Sonja (Lair:5)
  17 deep elf knights
  8 shock serpents
  2 spriggan berserkers
  6 skysharks
  3 sun demons (Shoals:3)
  2 soul eaters
  22 hell knights
  A skyshark (shapeshifter) (D:13)
  A death drake (Zot:1)
  4 iron trolls
  3 salamander mystics (Snake:3)
  2 spectral death yaks (Lair:5)
  3 shadow wraiths
  Lodul (D:11)
  A deep troll (shapeshifter) (Vaults:5)
  8 sea snakes
  A golden dragon zombie (Crypt:3)
  A spriggan rider (Depths:4)
  27 skeletal warriors
  6 flayed ghosts
  7 spectral anacondas
  3 sun moths (Zot:4)
  An orb spider (shapeshifter) (Vaults:5)
  An obsidian statue (Lair:5)
  3 bog bodies
  50 deep trolls
  4 large abominations (Depths:3)
  8 mana vipers
  13 phantasmal warriors
  8 arcanists
  13 deep elf archers
  A steelbarb worm (shapeshifter) (Vaults:5)
  7 naga ritualists
  5 glowing orange brains
  11 lindwurms
  7 orc knights
  3 anaconda zombies (Snake:2)
  17 necromancers
  17 ironbound convokers
  31 harpies
  21 deep elf pyromancers
  A fire giant zombie (Crypt:1)
  2 anaconda skeletons (Snake:2)
  23 deep elf zephyrmancers
  8 cyclopes
  A stone giant zombie (Crypt:3)
  46 ugly things
  6 orc sorcerers
  12 manticores
  24 moths of wrath
  A wolf spider (D:15)
  An iron dragon zombie (Crypt:1)
  Maurice (D:7)
  23 salamanders
  2 oklob plants (Lair:5)
  4 shining eyes
  8 fauns
  A meliai (D:14)
  21 elephants
  4 guardian serpents
  4 stone giant skeletons
  12 merfolk sirens
  6 kobold blastminers
  An ice statue (IceCv)
  22 vault sentinels
  10 water nymphs
  A frost giant skeleton (Crypt:2)
  11 naga magi
  A cane toad (shapeshifter) (D:15)
  2 eyes of devastation
  2 dire elephant zombies (Lair:5)
  A guardian serpent (shapeshifter) (Depths:3)
  28 black mambas
  A gargoyle (D:14)
  4 torpor snails
  An orange demon (D:1)
  A storm dragon simulacrum (Crypt:1)
  A smoke demon (Depths:2)
  A rust devil (Depths:2)
  Maggie (D:7)
  3 unseen horrors
  9 cane toads
  A purple draconian zombie (Crypt:1)
  37 yaktaurs
  A spark wasp simulacrum (Depths:3)
  3 kobold demonologists
  4 rime drakes
  A grey draconian skeleton (Crypt:2)
  3 ice devils
  15 merfolk
  A freezing wraith (D:14)
  9 komodo dragons
  5 tengu conjurers
  2 efreet (D:13)
  8 anaconda simulacra
  Psyche (D:11)
  A merfolk (shapeshifter) (Depths:3)
  A white draconian skeleton (Crypt:2)
  2 wind drakes
  A death drake zombie (Crypt:1)
  A wolf spider simulacrum (D:15)
  12 polar bears
  6 trolls
  3 hornets
  A tyrant leech (Zot:5)
  An alligator simulacrum (Crypt:1)
  11 blink frogs
  A tarantella (Vaults:4)
  4 harpy skeletons
  A raiju (shapeshifter) (Vaults:5)
  A frost giant simulacrum (Depths:3)
  7 dream sheep
  10 snapping turtles
  111 slime creatures
  A fire giant simulacrum (Depths:3)
  A centaur simulacrum (D:14)
  4 air elementals
  A shadow (D:10)
  5 spriggans
  2 vampires
  13 wraiths
  4 wyverns
  A spriggan (shapeshifter) (D:14)
  8 water elementals
  3 fire elementals (D:14)
  A dire elephant simulacrum (Crypt:1)
  4 basilisks
  5 humans (D:6)
  A golden eye (shapeshifter) (D:14)
  6 golden eyes (Slime:4)
  73 yaks
  3 vampire mosquitoes
  5 wargs
  A redback (Vaults:4)
  A black mamba skeleton (Crypt:1)
  A minotaur simulacrum (Crypt:1)
  A steam dragon (D:8)
  3 fire bats (Lair:2)
  A chaos spawn (Depths:3)
  32 nagas
  A harpy simulacrum (Crypt:1)
  A death yak simulacrum (Lair:5)
  A naga zombie (Crypt:1)
  Edmund (D:4)
  11 water moccasins
  Duvessa (D:7)
  6 acid dragons
  2 hell hounds (D:14)
  2 naga skeletons
  3 ice beasts
  A swamp drake (D:12)
  36 orc warriors
  A sky beast (D:7)
  A swamp dragon zombie (Crypt:2)
  2 black bears
  2 blink frog zombies (Crypt:1)
  A tengu (shapeshifter) (D:14)
  11 boggarts
  47 laughing skulls
  An elephant zombie (Lair:5)
  12 centaurs
  30 wolves
  22 ogres
  8 small abominations (Depths:3)
  4 kobold brigands
  Blork the orc (D:5)
  11 bullfrogs
  An earth elemental (Elf:2)
  A scorpion (D:5)
  8 necrophages
  A gnoll sergeant (D:9)
  2 cane toad simulacra (Lair:5)
  4 wights (D:7)
  Dowan (D:7)
  6 killer bees (D:7)
  An elephant simulacrum (Lair:5)
  5 lava snakes
  2 bombardier beetles
  A hound (D:4)
  A jelly (D:5)
  15 orc priests
  2 black bear skeletons (Crypt:2)
  5 iguanas
  22 orc wizards
  Ijyb (D:5)
  A boggart skeleton (Crypt:2)
  A deep dwarf zombie (Crypt:2)
  11 gnolls
  6 adders
  A shadow imp (D:6)
  A white imp (D:5)
  10 dart slugs
  A ribbon worm (D:2)
  62 orcs
  19 ball pythons
  8 bats
  19 endoplasms
  14 giant cockroaches
  15 goblins
  11 hobgoblins
  15 jackals
  34 kobolds
  9 quokkas
  5 frilled lizards
  A gnoll skeleton (Crypt:2)
  4 rats
  2 aspiring fleshes
2482 creatures vanquished.

Vanquished Creatures (collateral kills)
  Nikola (Shoals:1)
1 creature vanquished.

Vanquished Creatures (others)
  A salamander tyrant (Snake:4)
  A juggernaut simulacrum (Depths:3)
  A spectral anaconda (Snake:2)
  A deep elf pyromancer (D:15)
  A naga mage (Snake:4)
  A boggart (D:15)
  An orc (D:8)
7 creatures vanquished.

Grand Total: 2490 creatures vanquished

Notes
Turn   | Place    | Note
-------+----------+-------------------------------------------
     0 | D:1      | Gobbopathe the Octopode Shapeshifter began the quest for
                  | the Orb.
     0 | D:1      | Reached XP level 1. HP: 13/13 MP: 1/1
   108 | D:1      | Reached XP level 2. HP: 10/18 MP: 2/2
   164 | D:1      | Reached skill level 1 in Stealth
   293 | D:1      | Reached XP level 3. HP: 24/24 MP: 3/3
   615 | D:2      | Identified the +4 hand axe of Xiupt {elec, ^Fragile rPois
                  | Str+5 Stlth+}
   929 | D:2      | Reached XP level 4. HP: 29/29 MP: 4/4
  1086 | D:2      | Found an ancient bone altar of Kikubaaqudgha.
  1874 | D:3      | Reached XP level 5. HP: 34/35 MP: 5/5
  2134 | D:4      | Noticed Edmund
  2173 | D:4      | Reached skill level 1 in Shields
  2220 | D:5      | Entered Level 5 of the Dungeon
  2295 | D:5      | Found a glowing drain.
  2316 | D:5      | Reached XP level 6. HP: 42/42 MP: 6/6
  2320 | Sewer    | Entered a sewer
  2676 | Sewer    | Reached skill level 4 in Unarmed Combat
  2765 | D:4      | Reached XP level 7. HP: 43/46 MP: 7/7
  3164 | D:4      | Reached skill level 1 in Evocations
  3221 | D:4      | Found a snail-covered altar of Cheibriados.
  3256 | D:4      | Found a blossoming altar of Fedhas.
  3287 | D:4      | Found a staircase to the Ecumenical Temple.
  3296 | Temple   | Entered the Ecumenical Temple
  3309 | Temple   | Became a worshipper of the Wu Jian Council
  3622 | D:5      | Noticed Blork the orc
  3630 | D:5      | Killed Blork the orc
  3692 | D:5      | Noticed Ijyb
  3702 | D:5      | Killed Ijyb
  3744 | D:5      | Reached XP level 8. HP: 54/54 MP: 8/8
  4531 | D:6      | Reached skill level 5 in Fighting
  4531 | D:6      | Reached skill level 5 in Stealth
  4547 | D:6      | Reached skill level 5 in Unarmed Combat
  4645 | D:6      | Reached * piety under Wu Jian
  4646 | D:6      | Reached XP level 9. HP: 62/62 MP: 9/9
  5133 | D:7      | Noticed Duvessa
  5260 | D:7      | Noticed Maggie
  5276 | D:7      | Killed Maggie
  5277 | D:7      | Reached skill level 5 in Shapeshifting
  5408 | D:7      | Reached skill level 5 in Dodging
  5739 | D:7      | Noticed Maurice
  5766 | D:7      | Learned a level 3 spell: Confusing Touch
  6882 | D:9      | Reached skill level 5 in Shields
  6968 | D:9      | Reached XP level 10. HP: 69/71 MP: 8/10
  7019 | D:9      | Reached skill level 5 in Evocations
  7208 | D:9      | Noticed Erolcha
  7400 | D:9      | Reached ** piety under Wu Jian
  7446 | D:9      | Reached skill level 1 in Throwing
  7596 | D:10     | Entered Level 10 of the Dungeon
  7643 | D:10     | Identified a scroll of acquirement
  7643 | D:10     | Acquired the ring of the Wereyak {rElec rC+ AC+4 Int+4}
  7731 | D:10     | Found a flagged portal.
  7741 | Bailey   | Entered a bailey
  7858 | Bailey   | Noticed an orc knight
  8017 | Bailey   | Killed an orc knight
  8096 | Bailey   | Reached skill level 6 in Unarmed Combat
  8326 | D:10     | Identified the +6 scale mail "Cyruh" {Int-4 Dex+4}
  8342 | D:10     | Noticed Fannar
  8353 | D:10     | Killed Fannar
  8426 | D:10     | Reached *** piety under Wu Jian
  8650 | D:10     | Reached XP level 11. HP: 78/80 MP: 11/11
  9258 | D:11     | Noticed a two-headed ogre
  9259 | D:11     | Noticed Nergalle
  9340 | D:11     | Noticed a two-headed ogre
  9340 | D:11     | Noticed a purple ugly thing
  9482 | D:11     | Noticed a cyclops
  9495 | D:11     | Noticed a two-headed ogre
  9883 | D:10     | Killed a two-headed ogre
  9884 | D:10     | Reached skill level 10 in Fighting
 10041 | D:10     | Killed a two-headed ogre
 10042 | D:10     | Reached skill level 7 in Unarmed Combat
 10137 | D:11     | Noticed a sun demon
 10140 | D:11     | Noticed Lodul
 10143 | D:11     | Reached skill level 1 in Spellcasting
 10143 | D:11     | Reached skill level 1 in Hexes
 10167 | D:11     | Killed Lodul
 10291 | D:11     | Killed a cyclops
 10292 | D:11     | You fall into a shaft and drop 1 floor!
 10343 | D:12     | Found Weuthin's Antique Weapon Shop.
 10345 | D:12     | Noticed a manticore
 10523 | D:11     | Noticed Psyche
 10532 | D:11     | Killed Psyche
 10678 | D:11     | Found a faded altar of an unknown god.
 10678 | D:11     | Found a hazy altar of Hepliaklqana.
 10678 | D:11     | Found a faded altar of an unknown god.
 10735 | D:11     | Noticed a two-headed ogre
 10764 | D:11     | Killed a two-headed ogre
 10821 | D:11     | Noticed an ogre mage
 10831 | D:11     | Noticed a two-headed ogre
 10847 | D:11     | Killed a two-headed ogre
 10848 | D:11     | Reached XP level 12. HP: 89/89 MP: 15/15
 10851 | D:11     | Paralysed by an ogre mage for 4 turns
 10852 | D:11     | Killed an ogre mage
 10853 | D:11     | Reached skill level 5 in Throwing
 10862 | D:11     | Noticed a two-headed ogre
 10898 | D:11     | Killed a two-headed ogre
 11056 | D:11     | Found a staircase to the Lair.
 11213 | D:11     | Killed a two-headed ogre
 11226 | D:11     | Noticed a two-headed ogre
 11243 | D:11     | Killed a two-headed ogre
 11482 | D:12     | Reached skill level 8 in Unarmed Combat
 11497 | D:12     | Learned a level 3 spell: Teleport Other
 11517 | D:12     | Noticed a two-headed ogre
 11529 | D:12     | Killed a two-headed ogre
 11529 | D:12     | Reached **** piety under Wu Jian
 11672 | D:12     | Reached skill level 1 in Translocations
 11699 | D:12     | Noticed a two-headed ogre
 11746 | D:12     | Killed a two-headed ogre
 12191 | D:13     | Found a gate to the Vaults.
 12191 | D:13     | Noticed a vault guard
 12191 | D:13     | Noticed a vault guard
 12191 | D:13     | Noticed a vault guard
 12191 | D:13     | Noticed a vault guard
 12336 | D:12     | Found a staircase to the Orcish Mines.
 12349 | D:12     | Noticed a boulder beetle
 12380 | D:12     | Killed a boulder beetle
 12585 | Orc:1    | Entered Level 1 of the Orcish Mines
 12585 | Orc:1    | Found Joemanupe's General Store.
 12662 | Orc:1    | Bought a scroll of identify for 30 gold pieces
 12662 | Orc:1    | Bought a scroll of noise for 15 gold pieces
 12851 | Orc:1    | Reached XP level 13. HP: 97/97 MP: 16/16
 12853 | Orc:1    | Reached ***** piety under Wu Jian
 13047 | Orc:2    | Entered Level 2 of the Orcish Mines
 13153 | Orc:2    | Found a staircase to the Elven Halls.
 13256 | Orc:2    | Reached skill level 1 in Ranged Weapons
 13449 | Orc:2    | Found a runed translucent door.
 13450 | Orc:2    | Noticed Frank's ghost (journeyman DsFi)
 13461 | Orc:2    | Killed Frank's ghost
 13622 | Orc:2    | Noticed Urug
 13641 | Orc:2    | Reached skill level 9 in Unarmed Combat
 13825 | Orc:2    | Killed Urug
 14069 | Orc:2    | Noticed an orc warlord
 14125 | Orc:1    | Killed an orc warlord
 14431 | Orc:2    | Found Etucuim's Jewellery Shoppe.
 14467 | Orc:2    | Found Jeti's General Store.
 14474 | Orc:2    | Bought a scroll of teleportation for 39 gold pieces
 15037 | Orc:2    | Found Qodi Jeo's Antique Armour Shoppe.
 15131 | Orc:2    | Found Yfiaj's Antique Weapon Shoppe.
 15213 | Orc:2    | Bought the ring "Copeje Dite" {Ice rN+ Stlth+} for 507 gold
                  | pieces
 15257 | Orc:1    | Bought a wand of mindburst (7) for 147 gold pieces
 15257 | Orc:1    | Bought a +5 ring of evasion for 540 gold pieces
 15395 | Lair:1   | Entered Level 1 of the Lair of Beasts
 15818 | Lair:1   | Found a frozen archway.
 15840 | IceCv    | Entered an ice cave
 15884 | IceCv    | Reached XP level 14. HP: 100/107 MP: 14/17
 16007 | IceCv    | Reached skill level 10 in Evocations
 16163 | IceCv    | Reached skill level 10 in Unarmed Combat
 16195 | IceCv    | Reached ****** piety under Wu Jian
 16200 | IceCv    | Reached skill level 5 in Ranged Weapons
 16308 | IceCv    | Identified the +0 spear of Dividends {pain, Str+3}
 17155 | Lair:2   | Noticed Gastronok
 17245 | Lair:2   | Reached skill level 10 in Shapeshifting
 17758 | Lair:2   | Killed Gastronok
 17937 | Lair:2   | Reached skill level 15 in Fighting
 18391 | Lair:3   | Found a staircase to the Snake Pit.
 18560 | Lair:3   | Found a staircase to the Shoals.
 18722 | Lair:3   | Reached skill level 11 in Unarmed Combat
 19261 | Lair:4   | Reached XP level 15. HP: 116/116 MP: 16/18
 19709 | Lair:4   | Found a snail-covered altar of Cheibriados.
 20303 | Lair:5   | Entered Level 5 of the Lair of Beasts
 20863 | Lair:5   | Noticed Sonja
 20882 | Lair:5   | Killed Sonja
 21313 | Lair:5   | Found a staircase to the Slime Pits.
 21313 | Lair:5   | Found a viscous altar of Jiyva.
 21509 | Lair:5   | Reached skill level 5 in Hexes
 21598 | Lair:5   | Reached skill level 5 in Translocations
 21925 | Lair:5   | Identified the +2 bardiche of the Pyrrhic Victory {spect,
                  | rN+ Str-2 Int-4 Dex+9}
 22281 | Shoals:1 | Entered Level 1 of the Shoals
 22562 | Shoals:1 | Reached XP level 16. HP: 119/126 MP: 16/19
 22720 | Shoals:1 | Identified the +2 pair of gloves "Giasheh" {Will+ Dex-2
                  | Slay+4}
 22720 | Shoals:1 | Noticed Nikola
 22734 | Shoals:1 | Found Onirgh's Distillery.
 22751 | Shoals:1 | Killed Nikola
 22984 | Shoals:1 | Bought a potion of berserk rage for 65 gold pieces
 22984 | Shoals:1 | Bought a potion of heal wounds for 65 gold pieces
 22984 | Shoals:1 | Bought a potion of curing for 39 gold pieces
 22984 | Shoals:1 | Bought 2 potions of curing for 78 gold pieces
 22984 | Shoals:1 | Bought a potion of haste for 130 gold pieces
 22984 | Shoals:1 | Bought a potion of curing for 39 gold pieces
 23957 | Shoals:2 | Identified the +6 dagger of Scorn {distort, Stlth+}
 24502 | Shoals:3 | Found the ring of Shadows {Umbra +Inv Stlth+}
 24944 | Shoals:3 | Noticed Ilsuiw
 25480 | Shoals:3 | Killed Ilsuiw
 25736 | Shoals:4 | Entered Level 4 of the Shoals
 25775 | Shoals:4 | Noticed a kraken
 25801 | Shoals:4 | Paralysed by a formless jellyfish for 1 turns
 26081 | Shoals:4 | Reached XP level 17. HP: 133/133 MP: 20/20
 26160 | Shoals:4 | Paralysed by a formless jellyfish for 1 turns
 26362 | Shoals:4 | Identified the +9 shadow dragon scales of Mokeepu {+Inv
                  | rElec rN+ Str+3 Stlth++++}
 26658 | Shoals:4 | Learned a level 3 spell: Swiftness
 26662 | Shoals:4 | Learned a level 3 spell: Passwall
 26719 | Shoals:4 | Paralysed by a formless jellyfish for 1 turns
 26725 | Shoals:4 | Paralysed by a formless jellyfish for 1 turns
 26726 | Shoals:4 | HP: 5/133 [manticore (4)]
 27048 | Shoals:4 | Paralysed by a formless jellyfish for 1 turns
 27266 | Shoals:4 | Reached skill level 12 in Unarmed Combat
 27414 | Shoals:4 | Got a barnacled rune of Zot
 27777 | Orc:2    | Bought a serpent talisman for 390 gold pieces
 27988 | D:7      | Killed Maurice
 28099 | D:4      | Killed Edmund
 28182 | D:7      | Noticed Dowan
 28194 | D:7      | Killed Duvessa
 28198 | D:7      | Killed Dowan
 28505 | D:9      | Killed Erolcha
 29157 | D:13     | Got the Codex of the Relocated Union
 29161 | D:13     | Learned a level 2 spell: Blink
 29532 | D:13     | Found Diyppic's Antique Armour Shop.
 29697 | D:13     | Found a portal to a secret trove of treasure.
 30269 | D:14     | Noticed Rupert
 30412 | D:14     | Noticed Azrael
 30416 | D:14     | Killed Azrael
 30417 | D:14     | Reached skill level 10 in Stealth
 30675 | D:14     | Noticed Louise
 30686 | D:14     | Killed Louise
 30695 | D:14     | Found a runed translucent gate.
 30695 | D:14     | Found a runed translucent gate.
 30695 | D:14     | Found a runed translucent gate.
 30760 | D:14     | Identified the +6 quarterstaff "Sarcophage" {drain, rElec
                  | rF- Dex+5}
 31140 | D:14     | Reached XP level 18. HP: 139/139 MP: 21/21
 31143 | D:14     | Noticed Agnes
 31153 | D:14     | Killed Agnes
 31606 | D:14     | Found a runed translucent gate.
 31606 | D:14     | Found a runed translucent gate.
 31606 | D:14     | Found a runed translucent gate.
 31610 | D:14     | Identified the ring of Kuky {rF+ rC+}
 31632 | D:14     | Identified the staff "Oschoat" {rC+ rCorr Int+3 Stlth- Ice
                  | Air}
 31704 | D:15     | Entered Level 15 of the Dungeon
 32248 | D:15     | Reached skill level 13 in Unarmed Combat
 32503 | D:15     | Found a staircase to the Depths.
 33094 | Snake:1  | Entered Level 1 of the Snake Pit
 34630 | Snake:2  | Identified the +2 scale mail "Meth" {Rampage ^Drain Regen+}
 35280 | Snake:2  | Reached skill level 10 in Dodging
 35624 | Snake:2  | Reached skill level 15 in Evocations
 36282 | Snake:3  | Reached skill level 14 in Unarmed Combat
 36333 | Snake:3  | Reached XP level 19. HP: 144/144 MP: 22/22
 36509 | Snake:3  | Identified the ring of the Open Hand {rPois rC+ EV+5}
 37645 | Snake:4  | Entered Level 4 of the Snake Pit
 37752 | Snake:4  | Found Tefaococy's Jewellery Shoppe.
 37754 | Snake:4  | Found Goimmos's Book Shop.
 37755 | Snake:4  | Found Bochumih's Jewellery Shoppe.
 38181 | Snake:4  | Found Beatug's Gadget Gallery.
 39027 | Snake:4  | Reached skill level 15 in Unarmed Combat
 39960 | Snake:4  | Got a serpentine rune of Zot
 40301 | Vaults:1 | Entered Level 1 of the Vaults
 40629 | Vaults:1 | Reached skill level 15 in Shapeshifting
 40828 | Vaults:1 | Paralysed by a formless jellyfish for 1 turns
 41059 | Vaults:1 | Reached skill level 16 in Unarmed Combat
 41239 | Vaults:1 | Reached XP level 20. HP: 151/151 MP: 20/23
 41620 | Vaults:1 | Identified the +3 scale mail "Kyffan" {rC+ Will- SInv}
 42520 | Vaults:2 | Found a staircase to the Crypt.
 42807 | Vaults:2 | Reached skill level 17 in Unarmed Combat
 44201 | Vaults:3 | Reached XP level 21. HP: 153/157 MP: 16/24
 44281 | Vaults:3 | Reached skill level 10 in Shields
 44512 | Vaults:3 | Identified the +0 robe of the Distant Future {Str+2}
 44728 | Vaults:3 | Reached skill level 18 in Unarmed Combat
 45132 | Vaults:4 | Identified the +0 ring mail of Eternal Night {Str+3 Int+4}
 45539 | Vaults:4 | Noticed a golden dragon
 45539 | Vaults:4 | Found the +12 glaive of Prune {freeze, Prune}
 46374 | Snake:4  | Bought a dragon-blood talisman for 1320 gold pieces
 46686 | D:14     | Killed Rupert
 46743 | Depths:1 | Entered Level 1 of the Depths
 46743 | Depths:1 | Found Lopaog's General Store.
 47029 | Depths:1 | Reached skill level 19 in Unarmed Combat
 47292 | Depths:1 | Found a one-way gate to the infinite horrors of the Abyss.
 47436 | Depths:1 | Found a hide-covered altar of Uskayaw.
 47811 | Depths:1 | Identified the +1 scimitar of the Magi {pain, rElec Int+3}
 47982 | Depths:1 | Reached XP level 22. HP: 163/163 MP: 25/25
 48001 | Depths:1 | You are sucked into a shaft and drop 1 floor!
 48004 | Depths:2 | Identified the +0 plate armour of the Lute {*Slow rF+
                  | Int+4}
 48573 | Depths:1 | Identified the amulet "Morumyco" {Faith Harm}
 48753 | Depths:1 | Found a gateway to Hell.
 49101 | Depths:2 | Found a one-way gate leading to the halls of Pandemonium.
 49468 | Depths:2 | Reached skill level 20 in Unarmed Combat
 50037 | Depths:3 | Found Imyisiur's Weapon Shop.
 50455 | Depths:3 | Found the +3 salamander hide armour {Flames, rFlCloud rF++
                  | rC--}
 50802 | Depths:3 | Identified the ring of Zopnod {rPois Str+4 Int+3}
 50892 | Depths:3 | Found a one-way gateway to a ziggurat.
 51129 | Depths:3 | Found Big Baal Hell's Store.
 51139 | Depths:3 | Paralysed by a wendigo for 1 turns
 51548 | Depths:3 | Reached skill level 21 in Unarmed Combat
 51614 | Depths:3 | Found a white marble altar of Elyvilon.
 51791 | Depths:4 | Entered Level 4 of the Depths
 51796 | Depths:4 | Reached XP level 23. HP: 169/169 MP: 26/26
 51949 | Depths:4 | Reached skill level 15 in Stealth
 52840 | Depths:4 | Noticed a golden dragon
 52847 | Depths:4 | Killed a golden dragon
 52952 | Depths:4 | Found a gate to the Realm of Zot.
 53644 | Vaults:5 | Entered Level 5 of the Vaults
 53661 | Vaults:4 | Reached skill level 22 in Unarmed Combat
 54487 | Vaults:5 | Identified the amulet of the Forgotten Spirits {rN+ Regen+
                  | Str+6}
 54507 | Vaults:5 | Identified the staff "Dooxzeeg" {rPois Ice Alchemy}
 54601 | Vaults:5 | Identified the staff "Gemaqis" {rN+ Str+5 Int-2 Necro Air}
 54670 | Vaults:5 | Noticed a dread lich
 54674 | Vaults:5 | Paralysed by a dread lich for 3 turns
 54678 | Vaults:5 | Killed a dread lich
 54747 | Vaults:5 | Reached XP level 24. HP: 169/169 MP: 26/26
 55156 | Vaults:5 | Identified the amulet of Curiosity {RegenMP rElec Dex+2
                  | Slay+3}
 55331 | Vaults:5 | Identified the amulet "Imnoqeje" {Reflect MP-9 Int+5 SH+5}
 55465 | Vaults:5 | Identified the +5 battleaxe of the Ass {freeze, rC+}
 55605 | Vaults:5 | Got a silver rune of Zot
 55667 | Vaults:5 | Identified the staff of Vemor {*Slow rPois rF+ Str+4 Fire}
 55952 | Vaults:5 | Reached skill level 23 in Unarmed Combat
 56363 | Crypt:1  | Entered Level 1 of the Crypt
 56446 | Crypt:1  | Reached skill level 1 in Air Magic
 56785 | Crypt:1  | You are sucked into a shaft and drop 1 floor!
 56839 | Crypt:2  | Found a transporter.
 56839 | Crypt:2  | Found a transporter.
 56842 | Crypt:2  | Noticed Jory
 56980 | Crypt:1  | Identified the ring "Yvobump" {Ice Fly Str+4}
 56980 | Crypt:1  | Noticed Josephina
 56991 | Crypt:1  | Killed Josephina
 57289 | Crypt:2  | Identified the ring "Ymariy" {Fly rElec rPois Str+3 Dex-4}
 57313 | Crypt:2  | Identified the +0 scale mail of the Gloaming {Fly rF+
                  | Int+6}
 57806 | Crypt:3  | Entered Level 3 of the Crypt
 57833 | Crypt:3  | Reached XP level 25. HP: 184/184 MP: 26/26
 58075 | Crypt:3  | Noticed a dread lich
 58080 | Crypt:3  | Paralysed by a dread lich for 4 turns
 58085 | Crypt:3  | Killed a dread lich
 58090 | Crypt:3  | Found a basalt altar of Yredelemnul.
 58104 | Crypt:3  | Got an ivory gem with 115 turns to spare
 58111 | Crypt:3  | Identified the staff "Parranoch" {rPois MP+9 Alchemy}
 58219 | Crypt:3  | Lost the ivory gem through the power of Zot.
 58310 | Crypt:3  | Identified the ring "Maxu" {rN+ Int+2}
 58310 | Crypt:3  | Identified the ring "Roexyof" {rC+ rN+}
 58352 | Crypt:3  | Found a staircase to the Tomb.
 58615 | Crypt:3  | Identified the staff of Chagrin {rF+ rN+ Dex+3 Necro}
 58615 | Crypt:3  | Identified the death talisman of Calculation {*Corrode rF+
                  | Dex+3}
 58667 | Crypt:3  | Reached skill level 5 in Air Magic
 58979 | Elf:1    | Entered Level 1 of the Elven Halls
 59033 | Elf:1    | Paralysed by an air elemental for 1 turns
 59034 | Elf:1    | Reached skill level 24 in Unarmed Combat
 59042 | Elf:1    | Reached skill level 1 in Earth Magic
 59197 | Elf:1    | Noticed Zenata
 59200 | Elf:1    | Killed Zenata
 59778 | Elf:2    | Found a runed translucent gate.
 59781 | Elf:2    | Found a runed translucent gate.
 59816 | Elf:3    | Entered Level 3 of the Elven Halls
 60128 | Elf:3    | Identified the ring "Zajay" {rPois rN+ SInv}
 60146 | Elf:3    | Identified the ring "Alaowu" {rPois rC+ Int+4}
 60296 | Elf:3    | Noticed Boris
 60307 | Elf:3    | Killed Boris
 60327 | Elf:3    | Identified the amulet of Sunwao {Reflect rN+ Will++ SH+5}
 60349 | Elf:3    | Reached XP level 26. HP: 194/194 MP: 26/26
 60360 | Elf:3    | Reached skill level 5 in Earth Magic
 60398 | Elf:3    | Got a shimmering gem with 442 turns to spare
 60446 | Elf:3    | Identified the +6 triple sword of Capital Punishment
                  | {drain, +Blink rC+ Str+5 Dex-2}
 60470 | Elf:3    | Identified the +0 robe of the Catamount {SInv}
 60519 | Elf:3    | Identified the staff "Zyfieziss" {rElec rPois rC+ Dex+3
                  | Tloc Alchemy}
 60895 | Slime:1  | Entered Level 1 of the Pits of Slime
 60911 | Slime:1  | Gained mutation: Potions are less effective at restoring
                  | your health. [a shining eye]
 60912 | Slime:1  | Gained mutation: You occasionally lose the ability to read
                  | scrolls when taking damage. [a shining eye]
 60934 | Slime:2  | Reached skill level 25 in Unarmed Combat
 60981 | Slime:4  | Gained mutation: You have hidden genetic defects. [a
                  | shining eye]
 60993 | Slime:5  | Entered Level 5 of the Pits of Slime
 61044 | Slime:5  | Gained mutation: You are dopey. (Int -2) [a shining eye]
 61100 | Slime:5  | Noticed the Royal Jelly
 61204 | Slime:4  | Gained mutation: You occasionally lose the ability to drink
                  | potions when taking damage. [a shining eye]
 61237 | Slime:5  | Gained mutation: You sometimes lose your temper in combat.
                  | [hidden defects]
 61239 | Slime:5  | Killed the Royal Jelly
 61345 | Slime:5  | Got the Meditations on Spectral Calefaction
 61404 | Slime:5  | Got a starry gem with 104 turns to spare
 61406 | Slime:5  | Got a slimy rune of Zot
 61417 | Slime:5  | Identified the +5 sling of Arrival {heavy, rElec rF+ Int-3}
 61420 | Slime:5  | Identified the +2 glaive "Gink" {spect, Int+5}
 61534 | Lair:5   | Lost mutation: You sometimes lose your temper in combat.
                  | [potion of mutation]
 61534 | Lair:5   | Lost mutation: You have hidden genetic defects. [potion of
                  | mutation]
 61534 | Lair:5   | Lost mutation: You occasionally lose the ability to read
                  | scrolls when taking damage. [potion of mutation]
 61534 | Lair:5   | Gained mutation: You expend magic power (3 MP) to
                  | strengthen your wands. [potion of mutation]
 61534 | Lair:5   | Lost mutation: You are dopey. (Int -2) [potion of mutation]
 61534 | Lair:5   | Gained mutation: You are partially covered in large bone
                  | plates. (SH +4) [potion of mutation]
 61535 | Lair:5   | Lost mutation: You occasionally lose the ability to drink
                  | potions when taking damage. [potion of mutation]
 61535 | Lair:5   | Lost mutation: You are partially covered in large bone
                  | plates. (SH +4) [potion of mutation]
 61535 | Lair:5   | Gained mutation: You are frail. (-10% HP) [potion of
                  | mutation]
 61535 | Lair:5   | Gained mutation: Your magical capacity is low. (-10% MP)
                  | [potion of mutation]
 61535 | Lair:5   | Lost mutation: You expend magic power (3 MP) to strengthen
                  | your wands. [potion of mutation]
 61535 | Lair:5   | Gained mutation: Your natural rate of healing is unusually
                  | fast. [potion of mutation]
 61536 | Lair:5   | Lost mutation: Potions are less effective at restoring your
                  | health. [potion of mutation]
 61536 | Lair:5   | Lost mutation: Your natural rate of healing is unusually
                  | fast. [potion of mutation]
 61536 | Lair:5   | Lost mutation: You are frail. (-10% HP) [potion of
                  | mutation]
 61536 | Lair:5   | Gained mutation: You are strong-willed. (Will+) [potion of
                  | mutation]
 61536 | Lair:5   | Gained mutation: A frigid envelope surrounds you and
                  | freezes all who hurt you. [potion of mutation]
 62299 | Zot:1    | Entered Level 1 of the Realm of Zot
 62515 | Zot:1    | Noticed an orb of fire
 62526 | Zot:1    | Killed an orb of fire
 62547 | Zot:1    | Reached skill level 26 in Unarmed Combat
 62762 | Zot:1    | Reached XP level 27. HP: 203/203 MP: 23/23
 63231 | Zot:2    | You are sucked into a shaft and drop 2 floors!
 63286 | Zot:3    | Identified the +9 morningstar of Calculation {spect, ^Drain
                  | rElec Dex+3 Stlth+}
 63811 | Zot:3    | Noticed Parghit
 63813 | Zot:3    | Killed Parghit
 63814 | Zot:3    | Reached skill level 27 in Unarmed Combat
 64567 | Zot:5    | Entered Level 5 of the Realm of Zot
 64567 | Zot:5    | Noticed an orb of fire
 64567 | Zot:5    | Noticed an orb of fire
 64571 | Zot:5    | Killed an orb of fire
 64573 | Zot:5    | Killed an orb of fire
 64826 | Zot:5    | Noticed an ancient lich
 64832 | Zot:5    | Killed an ancient lich
 64907 | Zot:5    | Noticed an ancient lich
 64912 | Zot:5    | Noticed an ancient lich
 64918 | Zot:5    | Killed an ancient lich
 64921 | Zot:5    | Noticed an orb of fire
 64923 | Zot:5    | Gained mutation: You occasionally shout uncontrollably at
                  | your foes. [an orb of fire]
 64933 | Zot:5    | Gained mutation: You are weak. (Str -2) [an orb of fire]
 64934 | Zot:5    | Killed an orb of fire
 64943 | Zot:5    | Killed an ancient lich
 64965 | Zot:5    | Noticed a dread lich
 64971 | Zot:5    | Killed a dread lich
 64972 | Zot:5    | Noticed a dread lich
 64975 | Zot:5    | Killed a dread lich
 64976 | Zot:5    | Noticed a dread lich
 64979 | Zot:5    | Killed a dread lich
 65064 | Zot:5    | Noticed an orb of fire
 65068 | Zot:5    | Killed an orb of fire
 65150 | Zot:5    | Got the Orb of Zot
 65840 | D:$      | Escaped with the Orb!

Illustrated notes

Levels and vault maps discovered:
D:1:      nagdon_arrival_double_spiral, layout_basic, item_on_display_a
D:2:      layout_basic, basic_altar, minmay_split_cup_small
D:3:      minmay_razor_zed, layout_rooms
D:4:      layout_loops_ring, mainiacjoe_overflow_swirl,
          minmay_temple_entry_tees, uniq_edmund
D:5:      layout_loops_ring, gup_sewer_entry_pipe, uniq_ijyb, uniq_blork_the_orc
D:6:      layout_loops_corners, minmay_ruffians
D:7:      nicolae_cairo_tiling_very_big, layout_basic, uniq_duvessa,
          uniq_maurice, uniq_maggie
D:8:      layout_loops_ring
D:9:      layout_basic, nicolae_concentric_dashed_squares_mild, uniq_erolcha
D:10:     layout_stronghold, enter_bailey_3, the_hattery, uniq_fannar
D:11:     layout_rooms, david_lair_shrubbed, grunt_ministairs_8,
          nicolae_hepliaklqana_ecumenical_no_more, uniq_nergalle, uniq_lodul,
          uniq_psyche
D:12:     layout_loops_ring, erik_orc_1, nicolae_inconvenience_store
D:13:     layout_basic, lightli_vaults_fourway_checkpoint, serial_shops,
          kennysheep_little_box, enter_trove_5, kennysheep_generic_room_5
D:14:     kennysheep_treasure_stockpile, layout_basic, minivault_23,
          uniq_louise, uniq_rupert, uniq_azrael, uniq_agnes
D:15:     hellmonk_depths_entry_around_the_bend, layout_small_grid,
          nrook_mini_vaults
Temple:   nicolae_temple_bog_church
Lair:1:   layout_misc_corridors, portal_ice_cave_demonic_guard,
          cheibrodos_lair_lostbears
Lair:2:   layout_gridlike, grunt_forest_large_clearing_hut, uniq_gastronok
Lair:3:   layout_regular_city, mainiacjoe_shoals_entry_four_pools,
          nicolae_snake_entry_warm_welcome, grunt_megastairs_2,
          infiniplex_staircase_pool_2
Lair:4:   layout_hall_layers, kennysheep_snail_temple, lemuel_fruit_fields,
          serial_bayou_shore_a, serial_bayou_shore_b, lemuel_fruit_fields
Lair:5:   due_jungle_book, layout_regular_city, minmay_slime_entry_oklob_open,
          uniq_sonja
Shoals:1: layout_shoals, serial_shops, nicolae_shop_just_a_little_nook,
          uniq_nikola
Shoals:2: layout_shoals
Shoals:3: layout_shoals, nicolae_shoals_sun_and_surf, uniq_ilsuiw
Shoals:4: shoals_end_grunt_ice, layout_shoals
Snake:1:  layout_grid_shapes
Snake:2:  layout_honeycomb, nicolae_snake_dead_anacondas
Snake:3:  layout_chambers
Snake:4:  grunt_snake_rune_pools, layout_layer_cave, st_stairs_6,
          nicolae_shop_gadgets, minmay_shop_grove, nicolae_triple_integral
Slime:1:  layout_caves
Slime:2:  layout_caves, nicolae_slime_phagocytosis, uniq_dissolution
Slime:3:  layout_caves
Slime:4:  layout_caves, basic_altar
Slime:5:  slime_pit_nicolae_inversion
Orc:1:    layout_diamond_mine, serial_shops, shop, nicolae_orc_lost_temple
Orc:2:    grunt_orc_cross, layout_diamond_mine, gammafunk_ghost_grave
Elf:1:    eino_elf_arrival_sip, layout_rooms, nicolae_elf_crossing_hall,
          dreamdust_princess_corridor, chequers_hall_statues_wall_a, uniq_zenata
Elf:2:    nicolae_elf_blades_splatter_lattice
          [nicolae_blade_entry_sentries_behind_glass], layout_loops_cross
Elf:3:    nooodl_elf_gasket, layout_geoelf_diagonals, uniq_boris
Vaults:1: grunt_vaults_swirl, vaults_dpeg_hooks, vaults_mumra_hex,
          nicolae_vaults_big_ls, hangedman_vaults_nails,
          nicolae_vaults_windows_and_doors_thing,
          nicolae_vaults_little_squares_4, nicolae_vaults_alarming,
          nicolae_vaults_trapezoid_lopsided_3, grunt_vaults_hallway_short,
          layout_vaults_chaotic_city
Vaults:2: nicolae_vaults_little_squares_4, nicolae_vaults_ring_of_whatevers,
          nicolae_vaults_offset_grid_hallway_4, ontoclasm_vaults_shout,
          ontoclasm_vaults_eye, grunt_vaults_twisty,
          minmay_crypt_entry_simple_box, hangedman_vaults_river_flow,
          nicolae_vaults_house_3, nicolae_vaults_gold_heap,
          nicolae_vaults_tetromino_L_1, layout_vaults_omnigrid
Vaults:3: nicolae_vaults_double_plus_1, nicolae_vaults_angled_halls,
          nicolae_vaults_layer_cake_slice, hangedman_vaults_variations,
          nicolae_vaults_trapezoid_2, nicolae_vaults_offset_grid_hallway_3,
          vaults_room_hallway, nicolae_vaults_network_quincunx
          [nicolae_vaults_network_quincunx_subvault,
          nicolae_vaults_network_quincunx_subvault,
          nicolae_vaults_network_quincunx_subvault,
          nicolae_vaults_network_quincunx_subvault,
          nicolae_vaults_network_quincunx_subvault],
          nicolae_vaults_closet_pinwheel_2, dpeg_vaults_monster_row,
          vaults_room_large_hall, v_misc_3, hangedman_vaults_cutoff,
          layout_vaults_maze_bifur
Vaults:4: v_misc_18, nicolae_vaults_closet_pinwheel_4,
          ontoclasm_vaults_loading_screen, nicolae_vaults_cornered_office,
          nicolae_vaults_door_testing_chamber, v_pattern_4,
          nicolae_vaults_three_branches, vaults_room_hallway,
          ontoclasm_vaults_tryst, nicolae_vaults_enemy_cabinets,
          nicolae_vaults_rhombus_6, layout_vaults_ring
Vaults:5
Crypt:1:  layout_basic, grunt_ministairs_13, minmay_misc_feat_cross,
          minmay_misc_feat_five, glass_columns_c, uniq_josephina
Crypt:2:  gammafunk_sealed_arena, layout_misc_corridors, uniq_margery, uniq_jory
Crypt:3:  cryptofortress_bobbens
Depths:1: layout_gridlike, abyss_entry_crystal, hell_entry, serial_shops, shop,
          lemuel_round_altar, minmay_misc_feat_square, minmay_multi_spiral
Depths:2: nicolae_aperiodic_l_corner, layout_honeycomb, nicolae_titane,
          pf_hell_entry_great_geh, grunt_pan_entry_spiral,
          infiniplex_staircase_zigzag_3
Depths:3: minmay_the_grid_triangle_9x9_recursive_2
          [minmay_the_grid_triangle_9x9_prize_top_heavy,
          minmay_the_grid_triangle_9x9_dagger,
          minmay_the_grid_triangle_9x9_corruption,
          minmay_the_grid_triangle_9x9_impossible_snake], layout_cave_pools,
          enter_ziggurat_d, minmay_room_of_horrors, serial_shops, shop,
          columned_hall_lemuel, nicolae_hell_entry_big_baal_hell,
          elyvilon_altar_4, infiniplex_staircase_spiral
Depths:4: grunt_zot_entry_pinwheel, layout_long_grid,
          chequers_serial_rivers_large_b, hell_entry, minmay_fountain_box,
          chequers_serial_rivers_micro_a, hangedman_decor_clover_reticule,
          grunt_ministairs_4
Zot:1:    layout_basic, hangedman_swamp_dais
Zot:2:    layout_onion, skrybe_zot_glass_3
Zot:3:    layout_cathedral_of_symmetry, bh_zot_lava_cross, uniq_parghit
Zot:4:    kennysheep_oblong_rooms, layout_cellular_growth,
          regret_index_zotdec_silver_v_v_orig_slice, st_stairs_11
Zot:5:    layout_twisted_circle, lemuel_lake_of_fire

Skill      XL: |  1  2  3  4  5  6  7  8  9 10 11 12 13 14 15 16 17 18 19 20 21 22 23 24 25 26 27 |
---------------+----------------------------------------------------------------------------------+-----
Stealth        | 1 2 3 4 5 7 10 14 18 21 | 21.7
Fighting       | 2 3 4 5 7 9 10 12 13 15 16 17 18 19 20 23 | 23.4
Shields        | 1 2 3 5 6 8 9 10 | 10.0
Dodging        | 3 4 5 6 8 10 | 10.0
Unarmed Combat | 4 5 6 7 8 9 11 12 14 16 17 19 21 22 23 24 26 27 | 27.0
Shapeshifting  | 4 5 6 7 8 9 10 11 12 13 14 15 16 17 18 19 20 22 | 22.9
Evocations     | 1 3 4 6 7 8 9 10 11 12 13 15 16 17 18 | 18.0
Throwing       | 3 4 5 |  5.0
Spellcasting   | 2 |  2.0
Hexes          | 2 3 5 |  5.0
Translocations | 2 3 5 |  5.0
Ranged Weapons | 4 5 |  5.0
Air Magic      | 3 5 |  5.0
Earth Magic    | 4 5 |  5.0

Action                     |  1- 3 |  4- 6 |  7- 9 | 10-12 | 13-15 | 16-18 | 19-21 | 22-24 | 25-27 || total
---------------------------+-------+-------+-------+-------+-------+-------+-------+-------+-------++-------
  Melee: Unarmed           |    64 |   171 |   226 |   522 |  1255 |  1492 |  1364 |  1095 |  1289 ||  7478
         Constrict         |    16 |    45 |    37 |    68 |   134 |   257 |   148 |       |       ||   705
         Tentacles         |    11 |    34 |    58 |   148 |   414 |   365 |   382 |       |       ||  1412
         Punch             |     1 |     7 |     9 |    35 |   129 |   133 |   231 |   130 |   213 ||   888
         Maw               |       |       |       |       |   332 |   505 |   496 |       |       ||  1333
         Tailslap          |       |       |       |       |       |       |    30 |   182 |   217 ||   429
         Bite              |       |       |       |       |       |       |    17 |   129 |   154 ||   300
   Fire: Sling             |       |       |       |    40 |   273 |    32 |     1 |       |       ||   346
  Throw: Stone             |     3 |     5 |       |     4 |       |       |       |       |       ||    12
         Dart              |       |       |     2 |    72 |    32 |    12 |       |       |       ||   118
         Boomerang         |       |       |       |    42 |    75 |   117 |    51 |       |       ||   285
         Javelin           |       |       |       |       |       |     4 |       |       |       ||     4
   Cast: Confusing Touch   |       |       |       |       |     1 |     1 |       |       |       ||     2
         Blink             |       |       |       |       |       |     1 |       |       |       ||     1
 Invoke: Serpent's Lash    |       |       |       |       |       |     3 |     4 |     7 |    11 ||    25
         Heavenly Storm    |       |       |       |       |       |       |       |       |     1 ||     1
Ability: Lunge             |       |       |    18 |    63 |   101 |   171 |   163 |   155 |   235 ||   906
         Whirlwind         |       |       |       |    77 |   173 |   279 |   250 |   239 |   250 ||  1268
         Begin Untransform |       |       |       |       |       |     1 |       |       |       ||     1
         Evoke Invisibilit |       |       |       |       |       |       |       |     1 |       ||     1
  Evoke: Lightning rod     |       |       |       |    14 |    14 |    11 |       |       |       ||    39
         Tin of tremorston |       |       |       |       |     4 |       |       |       |       ||     4
         Wand              |       |       |       |       |       |     3 |     2 |       |       ||     5
    Use: Scroll            |       |       |    13 |    15 |     4 |     7 |     5 |       |     3 ||    47
         Potion            |       |       |     1 |     1 |     2 |     6 |     2 |       |     3 ||    15
   Stab: Sleeping          |     4 |    19 |    13 |     5 |    15 |    49 |    48 |    49 |    68 ||   270
         Distracted        |     1 |       |       |       |       |     2 |     3 |    20 |    15 ||    41
 Armour: Skin              |    11 |    22 |    54 |   104 |   194 |   284 |   274 |   322 |   330 ||  1595
  Dodge: Dodged            |    38 |    97 |   156 |   329 |   888 |  1209 |   871 |   623 |   577 ||  4788
  Block: Buckler           |       |    15 |    36 |   120 |   360 |   508 |       |       |       ||  1039
         Reflection        |       |       |       |       |       |    46 |    46 |       |       ||    92
         Other             |       |       |       |       |       |    62 |     7 |       |       ||    69
         Kite shield       |       |       |       |       |       |       |   485 |       |       ||   485
   Form: Maw               |       |       |       |       |     1 |       |     2 |       |       ||     3
         Serpent           |       |       |       |       |       |     2 |       |       |       ||     2
         Dragon            |       |       |       |       |       |       |     2 |       |     1 ||     3
         Death             |       |       |       |       |       |       |       |       |     1 ||     1
         Storm             |       |       |       |       |       |       |       |       |     1 ||     1
